 Dungeon Crawl Stone Soup version 0.30-a0-390-g80c34de65d (webtiles) character file.

Game seed: 8006558108589087368

349342 billz999 the Acrobat (level 22, 0/160 HPs)
             Began as a Gnoll Hunter on Dec 3, 2022.
             Was the Champion of Hepliaklqana.
             Killed from afar by a fire dragon (34 damage)
             ... with a blast of flame
             ... on level 2 of the Depths on Dec 5, 2022.
             The game lasted 02:23:52 (45538 turns).

billz999 the Acrobat (Gnoll Hunter)                Turns: 45538, Time: 02:23:52

Health: 0/160      AC: 18    Str: 21    XL:     22   Next: 18%
Magic:  28/41      EV: 37    Int: 13    God:    Hepliaklqana [******]
Gold:   3022       SH:  5    Dex: 31    Spells: 28/51 levels left

rFire   . . .      SeeInvis +    a - +9 arbalest (vorpal)
rCold   . . .      Faith    .    (shield currently unavailable)
rNeg    + . .      Spirit   .    s - +1 robe of Xepso {Str+6}
rPois   .          Reflect  +    H - +2 helmet of Lugonu's Grace {*Slow rElec rN+ Str+4}
rElec   +          Harm     .    z - +1 cloak {rCorr}
rCorr   +          Rampage  .    Y - +2 pair of gloves {Dex+3}
Will    +....                    r - +2 pair of boots {Fly}
Stlth   +++++++...               J - amulet of reflection
HPRegen 0.46/turn                W - +6 ring of dexterity
MPRegen 0.27/turn                C - ring of see invisible

@: flying, studying Dodging
A: reduced essence, fangs 1, strong nose, distributed training
}: 2/15 runes: serpentine, barnacled
a: Renounce Religion, Recall Ancestor, Ancestor Identity, Transference, Idealise


You were on level 2 of the Depths.
You worshipped Hepliaklqana.
Hepliaklqana was exalted by your worship.
You visited 7 branches of the dungeon, and saw 36 of its levels.
You also visited: Sewer.

You collected 4465 gold pieces.
You spent 1443 gold pieces at shops.

Inventory:

Hand Weapons
 a - a +9 vorpal arbalest (weapon)
 R - the +0 staff of Battle
   (You found it on level 12 of the Dungeon)

   It enhances your conjuration magic.
   It summons a battlesphere in combat, with strength depending on Conjurations
   skill.
   Its strikes trigger the battlesphere's blasts.
 T - the +12 flail of Xomebutonn {venom, rElec Str+6 Int+2 Stlth-}
   (You found it on level 3 of the Shoals)

   It poisons the flesh of those it strikes.
   Str:       It affects your strength (+6).
   Int:       It affects your intelligence (+2).
   rElec:     It insulates you from electricity.
   Stlth:     It makes you less stealthy.
Missiles
 t - 10 throwing nets
Armour
 r - a +2 pair of boots of flying (worn)
 s - the +1 robe of Xepso (worn) {Str+6}
   (You found it on level 4 of the Shoals)

   Str:       It affects your strength (+6).
 z - a +1 cloak of preservation (worn)
 H - the +2 helmet of Lugonu's Grace (worn) {*Slow rElec rN+ Str+4}
   (You bought it in a shop on level 2 of the Orcish Mines)

   Str:       It affects your strength (+4).
   rElec:     It insulates you from electricity.
   rN:        It protects you from negative energy.
   *Slow:     It may slow you when you take damage.
 I - a +1 robe of willpower
 Y - a +2 pair of gloves of dexterity (worn)
Jewellery
 l - a ring of magical power
 y - a ring of fire
 C - a ring of see invisible (right hand)
 G - a ring of protection from fire
 J - an amulet of reflection (around neck)
 U - a +6 ring of dexterity
 W - a +6 ring of dexterity (left hand)
 Z - the ring of Pragmatism {rPois Int+5}
   (You acquired it on level 12 of the Dungeon)

   [ring of poison resistance]

   Int:       It affects your intelligence (+5).
   rPois:     It protects you from poison.
Wands
 v - a wand of polymorph (31)
 w - a wand of light (4)
 A - a wand of charming (28)
 B - a wand of mindburst (29)
 E - a wand of iceblast (7)
 M - a wand of digging (4)
Scrolls
 b - 2 scrolls of immolation
 c - a scroll of amnesia
 d - 4 scrolls of magic mapping
 e - 31 scrolls of teleportation
 q - 3 scrolls of fear
 u - 4 scrolls of identify
 x - 14 scrolls of poison
 D - a scroll of enchant weapon
 F - 3 scrolls of blinking
 L - 6 scrolls of enchant armour
 P - a scroll of silence
 S - 4 scrolls of butterflies
Potions
 f - 5 potions of haste
 h - 6 potions of mutation
 i - 4 potions of attraction
 k - 4 potions of cancellation
 m - 8 potions of brilliance
 n - 5 potions of ambrosia
 o - 6 potions of curing
 K - 5 potions of resistance
 N - 7 potions of berserk rage
 O - 2 potions of invisibility
 Q - 4 potions of might
 V - 3 potions of lignification
Miscellaneous
 g - a lightning rod (4/4)
 j - a phial of floods
 X - a phantom mirror


   Skills:
 + Level 16.0 Fighting
 + Level 15.4 Short Blades
 + Level 15.4 Long Blades
 + Level 15.4 Axes
 + Level 15.4 Maces & Flails
 + Level 15.4 Polearms
 + Level 15.4 Staves
 + Level 17.3 Ranged Weapons
 + Level 15.4 Throwing
 + Level 15.4 Armour
 + Level 21.2 Dodging
 + Level 15.5 Stealth
 + Level 15.4 Shields
 + Level 15.4 Unarmed Combat
 + Level 15.4 Spellcasting
 + Level 13.1 Conjurations
 + Level 13.1 Hexes
 + Level 13.1 Summonings
 + Level 13.1 Necromancy
 + Level 13.1 Translocations
 + Level 13.1 Transmutations
 + Level 13.1 Fire Magic
 + Level 13.1 Ice Magic
 + Level 13.1 Air Magic
 + Level 13.1 Earth Magic
 + Level 13.1 Poison Magic
 + Level 16.7 Invocations
 + Level 15.4 Evocations


You had 28 spell levels left.
You knew the following spells:

 Your Spells              Type           Power      Damage    Failure   Level
a - Poisonous Vapours     Pois/Air       88%        N/A       1%          2
b - Mephitic Cloud        Conj/Pois/Air  44%        N/A       1%          3
c - Dispel Undead         Necr           44%        3d17      1%          4
d - Sticky Flame          Conj/Fire      44%        2d6       1%          4
e - Freezing Cloud        Conj/Ice/Air   22%        6-21      1%          5
f - Borgnjor's Vile Clut  Necr/Erth      22%        N/A       1%          5

Your spell library contained the following spells:

 Spells                   Type           Power      Damage    Failure   Level
 Apportation              Tloc           88%        N/A       1%          1
 Freeze                   Ice            100%       1d10      1%          1
 Kiss of Death            Conj/Necr      100%       2d13      1%          1
 Blink                    Tloc           88%        N/A       1%          2
 Cigotuvi's Dreadful Rot  Necr/Pois/Air  88%        N/A       1%          2
 Ensorcelled Hibernation  Hex/Ice        88%        N/A       1%          2
 Momentum Strike          Conj/Tloc      88%        3d10      1%          2
 Passwall                 Tmut/Erth      36%        N/A       1%          2
 Scorch                   Fire           88%        2d9       1%          2
 Confusing Touch          Hex            44%        N/A       1%          3
 Frozen Ramparts          Ice            88%        1d14      1%          3
 Hailstorm                Conj/Ice       44%        3d10      1%          3
 Ignite Poison            Fire/Tmut/Pois 44%        N/A       1%          3
 Inner Flame              Hex/Fire       44%        N/A       1%          3
 Kindle Blastsparks       Fire/Tloc/Air  88%        2d17      1%          3
 Lesser Beckoning         Tloc           88%        N/A       1%          3
 Ozocubu's Armour         Ice            44%        N/A       1%          3
 Spider Form              Tmut/Pois      44%        N/A       1%          3
 Swiftness                Air            44%        N/A       1%          3
 Vhi's Electric Charge    Tloc/Air       88%        N/A       1%          3
 Anguish                  Hex/Necr       22%        N/A       1%          4
 Flame Wave               Conj/Fire      44%        2d11      1%          4
 Ice Form                 Ice/Tmut       44%        N/A       1%          4
 Alistair's Intoxication  Tmut/Pois      29%        N/A       1%          5
 Arcjolt                  Conj/Air       22%        1d32      1%          5
 Eringya's Noxious Bog    Tmut/Pois      22%        N/A       4%          6
 Simulacrum               Ice/Necr       22%        N/A       4%          6
 Summon Cactus Giant      Summ           22%        N/A       4%          6
 Enfeeble                 Hex            22%        N/A       26%         7
 Ozocubu's Refrigeration  Ice            22%        4d12      26%         7
 Maxwell's Capacitive Co  Air            22%        ∞         89%         8


Dungeon Overview and Level Annotations

Branches:
Dungeon (15/15)            Temple (0/1) D:4            Lair (5/5) D:10
 Shoals (4/4) Lair:2        Snake (4/4) Lair:2        Slime (0/5) Lair:5
    Orc (2/2) D:11            Elf (0/3) Orc:2        Vaults (4/5) D:14
  Crypt (0/3) Vaults:2     Depths (2/4) D:15          Sewer (visited)

Altars:
Ashenzari
Dithmenos
Elyvilon
Gozag
Hepliaklqana
Kikubaaqudgha
Okawaru
Qazlal
Ru
Sif Muna
Trog
Uskayaw
Vehumet
Yredelemnul
Zin
Jiyva

Shops:
D:10 (   Orc:2 *[*?   Shoals:2 =   Shoals:3 (   Vaults:2 [   Vaults:3 *

Portals:
Hell: Depths:1

Annotations:
D:8 2 transporters, DeathPants's ghost, novice VSEn
D:9 2 runed translucent doors
Lair:5 1 runed translucent door


Innate Abilities, Weirdness & Mutations

Your life essence is reduced to manifest your ancestor. (-10% HP)
You have very sharp teeth.
Your uncanny sense of smell can sniff out nearby items.
Your experience applies equally to all skills.


Message History

You kill the fire giant!
Unknown command.
Unknown command.
You start resting.
You hear the stately crackle of a magical portal nearby.
You start resting.
A fire dragon comes into view.
Elon emerges from the mists of memory!
The fire dragon breathes flames at you. The blast of flame hits you!!
* * * LOW HITPOINT WARNING * * *
The blast of flame misses elon.
You hear a deafening roar!
There is an open door here.
Casting: Borgnjor's Vile Clutch (mildly dangerous; 1% risk of failure)
Confirm with . or Enter, or press ? or * to list all spells.
Aiming: Borgnjor's Vile Clutch (mildly dangerous; 1% risk of failure)
Press: ? - help, Shift-Dir - straight line, f - fire dragon
Aim: a fire dragon (catching its breath, ally target, 100% to hit)
Zombie hands grab the fire dragon.
The zombie hands constrict the fire dragon.
The fire dragon struggles to escape constriction.
Unknown command.
Fire: a) +9 arbalest (vorpal)
Press: ? - help, Shift-Dir - straight line, f/p - fire dragon
Aim: a fire dragon (lightly wounded, constricted by zombie hands, ally target, 95% to hit)
You shoot a bolt. The bolt hits the fire dragon!!
The fire dragon is moderately wounded.
The zombie hands constrict the fire dragon!
The fire dragon struggles to escape constriction.
Fire: a) +9 arbalest (vorpal)
Press: ? - help, Shift-Dir - straight line, f/p - fire dragon
Aim: a fire dragon (heavily wounded, constricted by zombie hands, ally target, 95% to hit)
You shoot a bolt.
The bolt hits the fire dragon but does no damage.
The fire dragon is heavily wounded.
The zombie hands constrict the fire dragon!
The fire dragon breathes flames at you. The blast of flame hits you!!
You die...

*,,,,,,∆,* *,****,,,*,,,**
*###....,* *,,,,+,,,**,,,***
,.......,* *,****,,,****,,,***
,.......,***,*************,,,**
,.......,+,,,,,,,,,,,,*,,,,,,,***
,....)..,**#######**,**,,,,,,,+,,
***#....,*##)....##*,,+,,,,,,,**,
** #:...###.#####.###.#,,,,,,,***
,**#....)...'D<.@R....#,,,,,,,*
,>*####+###.#####.#####,,,,,,,*
****,,,,* ##..,,.## *,,,,,,,* **
*,**** **###*#* *,,,,,,,* ,***,*
*,* *,,,,,,,* ,,**,******,*****
*,,,,,,,* ,,**,,,,,,,,,,,,*
*,,,,,,,* ,,********,****+***
*,,∩,,,,* ,,**,,,***,*,,,,,,*
******+**


You could see the friendly elon the battlemage and a fire dragon (catching
breath, clutched, ally target).

Vanquished Creatures
  Mara (Depths:1)
  Jory (Vaults:3)
  A sphinx (Vaults:2)
  6 fire giants
  3 nagarajas
  3 frost giants (Depths:1)
  4 vault wardens
  An orc warlord (Vaults:4)
  8 ironbound preservers
  6 very ugly things
  10 stone giants
  2 vampire knights
  2 ironbound thunderhulks
  5 dire elephants
  A spark wasp (Depths:1)
  7 merfolk impalers
  An entropy weaver (Vaults:3)
  3 merfolk javelineers
  A crystal guardian (Vaults:4)
  2 ettins (Depths:1)
  A fire dragon (Depths:1)
  6 great orbs of eyes
  4 hydras
  10 yaktaur captains
  3 salamander tyrants (Snake:4)
  5 vault guards
  4 ogre magi
  Erica (Lair:2)
  A catoblepas (D:13)
  2 ice dragons (Depths:1)
  A hydra (shapeshifter) (D:15)
  A peacekeeper (Vaults:3)
  9 centaur warriors
  11 anacondas
  A death knight (D:15)
  13 two-headed ogres
  3 boulder beetles
  9 ironbound frosthearts
  8 naga warriors
  A satyr (Shoals:2)
  3 deep troll shamans (Depths:1)
  A deep troll earth mage (Depths:1)
  7 naga sharpshooters
  7 shock serpents
  3 hell knights (Depths:1)
  4 iron trolls (Depths:1)
  3 salamander mystics (Snake:4)
  34 deep trolls
  16 sea snakes
  A flayed ghost (Depths:1)
  6 wizards
  18 ironbound convokers
  11 mana vipers
  7 naga ritualists
  2 orc knights (Vaults:4)
  2 necromancers (Depths:1)
  5 lindwurms
  15 harpies
  An orc sorcerer (Orc:2)
  3 deep elf pyromancers
  11 fauns
  16 salamanders
  63 ugly things
  12 manticores
  4 elephants
  8 cyclopes
  3 guardian serpents (Snake:4)
  An elephant (shapeshifter) (Vaults:2)
  4 torpor snails (Lair:5)
  3 water nymphs
  10 naga magi
  8 vault sentinels
  29 black mambas
  4 cane toads
  3 gargoyles
  2 rime drakes
  21 yaktaurs
  2 kobold demonologists
  An unseen horror (D:11)
  8 komodo dragons
  7 tengu conjurers
  9 wind drakes
  9 polar bears (Lair:5)
  2 meliai (D:15)
  2 tyrant leeches (Lair:5)
  9 trolls
  16 merfolk
  2 raiju (Lair:5)
  26 slime creatures
  18 blink frogs
  5 snapping turtles
  6 hornets (Lair:5)
  4 dream sheep
  A shadow (D:12)
  A centaur simulacrum (D:14)
  6 water elementals
  2 wraiths
  2 vampires
  30 yaks
  3 basilisks
  2 wyverns (Lair:5)
  9 vampire mosquitoes
  A redback (Vaults:3)
  7 wargs
  31 nagas
  A glowing shapeshifter skeleton (Depths:1)
  6 hell hounds (Lair:5)
  9 water moccasins
  6 orc warriors
  A floating eye (shapeshifter) (D:15)
  13 black bears
  An ice beast (D:7)
  20 ogres
  51 wolves
  4 centaurs (D:15)
  2 phantoms (D:5)
  Blork the orc (D:4)
  5 kobold brigands
  8 bullfrogs
  A gnoll sergeant (D:12)
  A necrophage (D:5)
  6 scorpions
  12 wights
  6 killer bees
  4 electric eels
  8 howler monkeys
  A gnoll bouda (D:3)
  5 orc priests
  Crazy Yiuf (D:4)
  8 hounds
  A jelly (Lair:5)
  An iguana (D:5)
  18 merfolk sirens
  11 orc wizards
  3 hell rats (Lair:2)
  4 merfolk avatars
  15 gnolls
  9 adders
  6 river rats
  A white imp (D:6)
  An ufetubus (D:6)
  2 dart slugs
  42 orcs
  7 bats
  4 endoplasms
  4 giant cockroaches
  8 hobgoblins
  2 jackals (D:1)
  22 kobolds
  2 quokkas
  3 training dummies (Shoals:3)
  11 ball pythons
  7 frilled lizards
  3 goblins
  30 rats
1132 creatures vanquished.

Vanquished Creatures (collateral kills)
  Nikola (Shoals:4)
  The ghost of Gacuozis the Spry, an adept GnWn of Yredelemnul (Vaults:3)
  2 sphinxes
  Ilsuiw (Shoals:2)
  A nagaraja (Snake:3)
  A fire giant (Depths:1)
  A vault warden (Vaults:1)
  7 ironbound preservers
  8 very ugly things
  A vampire knight (Depths:1)
  An ironbound thunderhulk (Vaults:3)
  8 dire elephants
  A merfolk impaler (Shoals:4)
  A fire dragon (Depths:1)
  A yaktaur captain (Vaults:4)
  2 great orbs of eyes
  A peacekeeper (Vaults:4)
  2 merfolk avatars (Shoals:1)
  A vault guard (Vaults:4)
  A rakshasa (D:15)
  A hydra (D:15)
  2 ironbound frosthearts
  2 two-headed ogres (Orc:2)
  A centaur warrior (Vaults:1)
  6 anacondas
  6 naga warriors
  An alligator snapping turtle (Shoals:3)
  2 shock serpents
  2 hell knights (Depths:1)
  5 naga sharpshooters
  Nergalle (Lair:1)
  2 salamander mystics (Snake:4)
  10 sea snakes
  3 lindwurms
  10 deep trolls
  A naga ritualist (Snake:4)
  4 ironbound convokers
  4 wizards
  17 ugly things
  A wolf spider (Lair:5)
  3 mana vipers
  A necromancer (Vaults:3)
  8 harpies
  A cyclops (D:12)
  3 manticores
  3 salamanders
  2 fauns (Shoals:1)
  5 elephants
  A water nymph (Shoals:3)
  5 merfolk sirens
  A torpor snail (Lair:5)
  2 guardian serpents (Snake:4)
  13 black mambas
  5 cane toads
  3 naga magi
  5 vault sentinels
  A tengu conjurer (D:12)
  2 komodo dragons
  2 yaktaurs
  A meliai (D:15)
  A wind drake (shapeshifter) (D:15)
  3 trolls (Orc:2)
  3 wind drakes
  A polar bear (Lair:5)
  3 hornets
  19 merfolk
  5 blink frogs
  Prince Ribbit (Lair:2)
  3 dream sheep
  A raiju (Lair:5)
  A tyrant leech (Lair:5)
  An iron dragon simulacrum (Depths:1)
  6 slime creatures
  4 snapping turtles
  2 vampires (Vaults:2)
  A culicivora (Vaults:3)
  2 water elementals (Shoals:4)
  An ettin skeleton (Depths:1)
  3 wraiths
  17 yaks
  A basilisk (shapeshifter) (D:13)
  A basilisk (D:13)
  2 vampire mosquitoes
  2 steam dragons (D:7)
  3 wargs
  10 nagas
  8 water moccasins
  6 hell hounds (Lair:5)
  4 orc warriors
  2 sky beasts (D:7)
  An ice beast (D:6)
  2 centaurs
  14 wolves
  3 ogres (Orc:2)
  A kobold brigand (D:6)
  3 bullfrogs
  2 necrophages
  7 wights
  4 killer bees
  3 howler monkeys
  A jelly (D:7)
  4 hounds
  An orc priest (D:9)
  A hell rat (Lair:2)
  7 orc wizards
  2 gnolls
  15 orcs
  6 kobolds
  A butterfly (D:4)
386 creatures vanquished.

Vanquished Creatures (others)
  An anaconda (Snake:3)
  A howler monkey (D:10)
  50 battlemagi
  4 ancestors
  31 fungi
  185 plants
272 creatures vanquished.

Grand Total: 1790 creatures vanquished

Notes
Turn   | Place    | Note
-------+----------+-------------------------------------------
     0 | D:1      | billz999 the Gnoll Hunter began the quest for the Orb.
     0 | D:1      | Reached XP level 1. HP: 20/20 MP: 1/1
    76 | D:1      | Reached XP level 2. HP: 24/26 MP: 2/2
   690 | D:2      | Reached XP level 3. HP: 31/31 MP: 3/3
   767 | D:2      | Reached skill level 1 in Invocations
   933 | D:2      | Reached skill level 1 in Short Blades
   933 | D:2      | Reached skill level 1 in Long Blades
   933 | D:2      | Reached skill level 1 in Axes
   933 | D:2      | Reached skill level 1 in Maces & Flails
   933 | D:2      | Reached skill level 1 in Polearms
   933 | D:2      | Reached skill level 1 in Staves
   933 | D:2      | Reached skill level 1 in Throwing
   933 | D:2      | Reached skill level 1 in Armour
   933 | D:2      | Reached skill level 1 in Shields
   933 | D:2      | Reached skill level 1 in Unarmed Combat
   933 | D:2      | Reached skill level 1 in Spellcasting
   933 | D:2      | Reached skill level 1 in Evocations
   963 | D:2      | Reached XP level 4. HP: 38/38 MP: 5/5
  1308 | D:3      | Reached skill level 1 in Conjurations
  1308 | D:3      | Reached skill level 1 in Hexes
  1308 | D:3      | Reached skill level 1 in Summonings
  1308 | D:3      | Reached skill level 1 in Necromancy
  1308 | D:3      | Reached skill level 1 in Translocations
  1308 | D:3      | Reached skill level 1 in Transmutations
  1308 | D:3      | Reached skill level 1 in Fire Magic
  1308 | D:3      | Reached skill level 1 in Ice Magic
  1308 | D:3      | Reached skill level 1 in Air Magic
  1308 | D:3      | Reached skill level 1 in Earth Magic
  1308 | D:3      | Reached skill level 1 in Poison Magic
  1343 | D:3      | Found a hazy altar of Hepliaklqana.
  1357 | D:3      | Became a worshipper of Hepliaklqana the Forgotten
  1360 | D:3      | Found an iron altar of Okawaru.
  1522 | D:3      | Reached XP level 5. HP: 29/43 MP: 7/7
  1531 | D:3      | Found a glowing drain.
  1538 | Sewer    | Entered a sewer
  1834 | Sewer    | Noticed a malarious merfolk avatar
  1842 | Sewer    | Reached XP level 6. HP: 48/50 MP: 8/8
  2669 | D:3      | Reached skill level 5 in Fighting
  2669 | D:3      | Reached skill level 5 in Dodging
  2964 | D:4      | Found a runed translucent door.
  2965 | D:4      | Noticed Crazy Yiuf
  3388 | D:4      | Found a staircase to the Ecumenical Temple.
  3448 | D:4      | Reached * piety under Hepliaklqana
  3687 | D:4      | Noticed Blork the orc
  3696 | D:4      | Killed Blork the orc
  3697 | D:4      | Reached XP level 7. HP: 36/50 MP: 10/10
  3763 | D:4      | Found an ancient bone altar of Kikubaaqudgha.
  4227 | D:4      | Found a shadowy altar of Dithmenos.
  4227 | D:4      | Found an opulent altar of Gozag.
  4447 | D:4      | Killed Crazy Yiuf
  4546 | D:5      | Entered Level 5 of the Dungeon
  4555 | D:5      | Learned a level 2 spell: Poisonous Vapours
  4786 | D:5      | Reached XP level 8. HP: 56/56 MP: 5/12
  4852 | D:5      | Noticed a two-headed ogre
  4870 | D:5      | Killed a two-headed ogre
  4871 | D:5      | Reached skill level 6 in Dodging
  5097 | D:5      | Reached XP level 9. HP: 62/62 MP: 14/14
  5204 | D:5      | Found a basalt altar of Yredelemnul.
  5206 | D:5      | Found a broken altar of Ashenzari.
  5829 | D:6      | Reached skill level 5 in Stealth
  5844 | D:6      | Found a white marble altar of Elyvilon.
  5965 | D:6      | Learned a level 3 spell: Mephitic Cloud
  5969 | D:6      | Learned a level 3 spell: Swiftness
  5984 | D:6      | Reached ** piety under Hepliaklqana
  5985 | D:6      | Remembered your ancestor elon as a battlemage
  6034 | D:6      | Found a radiant altar of Vehumet.
  6344 | D:7      | Found a stormy altar of Qazlal.
  6366 | D:7      | Reached skill level 5 in Invocations
  6441 | D:7      | Reached skill level 7 in Dodging
  7101 | D:7      | Reached skill level 5 in Short Blades
  7101 | D:7      | Reached skill level 5 in Long Blades
  7101 | D:7      | Reached skill level 5 in Axes
  7101 | D:7      | Reached skill level 5 in Maces & Flails
  7101 | D:7      | Reached skill level 5 in Polearms
  7101 | D:7      | Reached skill level 5 in Staves
  7101 | D:7      | Reached skill level 5 in Throwing
  7101 | D:7      | Reached skill level 5 in Armour
  7101 | D:7      | Reached skill level 5 in Shields
  7101 | D:7      | Reached skill level 5 in Unarmed Combat
  7101 | D:7      | Reached skill level 5 in Spellcasting
  7101 | D:7      | Reached skill level 5 in Evocations
  7101 | D:7      | Reached XP level 10. HP: 45/68 MP: 17/17
  7425 | D:7      | Reached skill level 10 in Ranged Weapons
  7859 | D:8      | Reached skill level 8 in Dodging
  7876 | D:8      | Reached *** piety under Hepliaklqana
  8011 | D:8      | Noticed a moth of wrath
  8018 | D:8      | Found a transporter.
  8028 | D:8      | Found a bloodstained altar of Trog.
  8035 | D:8      | Found a transporter.
  8080 | D:8      | Noticed DeathPants's ghost (novice VSEn)
  8106 | D:8      | Found a hide-covered altar of Uskayaw.
  8152 | D:8      | Found a shimmering blue altar of Sif Muna.
  8640 | D:9      | Found a large runed translucent door.
  8790 | D:9      | Reached skill level 9 in Dodging
  8790 | D:9      | Reached skill level 5 in Conjurations
  8790 | D:9      | Reached skill level 5 in Hexes
  8790 | D:9      | Reached skill level 5 in Summonings
  8790 | D:9      | Reached skill level 5 in Necromancy
  8790 | D:9      | Reached skill level 5 in Translocations
  8790 | D:9      | Reached skill level 5 in Transmutations
  8790 | D:9      | Reached skill level 5 in Fire Magic
  8790 | D:9      | Reached skill level 5 in Ice Magic
  8790 | D:9      | Reached skill level 5 in Air Magic
  8790 | D:9      | Reached skill level 5 in Earth Magic
  8790 | D:9      | Reached skill level 5 in Poison Magic
  8824 | D:9      | Reached XP level 11. HP: 76/76 MP: 20/20
  9104 | D:9      | Found a large runed translucent door.
  9252 | D:9      | Reached **** piety under Hepliaklqana
  9496 | D:10     | Entered Level 10 of the Dungeon
  9583 | D:10     | Found Buaxa's Weapon Boutique.
 10282 | D:10     | Identified the +8 spear of Luelae {flame, rElec MP+9 SInv
                  | Stlth+}
 10458 | D:10     | Found a staircase to the Lair.
 10613 | Lair:1   | Entered Level 1 of the Lair of Beasts
 10619 | Lair:1   | Learned a level 4 spell: Sticky Flame
 10743 | Lair:1   | Noticed Nergalle
 10749 | Lair:1   | Killed Nergalle
 10869 | Lair:1   | Reached ***** piety under Hepliaklqana
 10883 | Lair:1   | Reached skill level 10 in Dodging
 11745 | Lair:2   | Noticed Prince Ribbit
 11749 | Lair:2   | Killed Prince Ribbit
 11750 | Lair:2   | Reached XP level 12. HP: 84/84 MP: 18/22
 11989 | Lair:2   | Found a staircase to the Snake Pit.
 12088 | Lair:2   | Reached skill level 11 in Dodging
 12172 | Lair:2   | Noticed a six-headed hydra
 12180 | Lair:2   | Killed a six-headed hydra
 12270 | Lair:2   | You fall into a shaft and drop 1 floor!
 12887 | Lair:2   | Noticed Erica
 12902 | Lair:2   | Killed Erica
 13059 | Lair:2   | Found a staircase to the Shoals.
 13080 | Lair:2   | Identified a scroll of acquirement
 13081 | Lair:2   | Acquired the +1 chain mail "Wuereow" {Regen+ SInv}
 13437 | Lair:3   | Reached XP level 13. HP: 90/90 MP: 17/25
 14126 | Lair:3   | Reached skill level 12 in Dodging
 14436 | Lair:4   | Reached ****** piety under Hepliaklqana
 14814 | Lair:4   | Learned a level 5 spell: Freezing Cloud
 15397 | Lair:5   | Entered Level 5 of the Lair of Beasts
 15446 | Lair:5   | Reached skill level 10 in Fighting
 16255 | Lair:5   | Reached skill level 10 in Invocations
 16255 | Lair:5   | Reached XP level 14. HP: 81/99 MP: 11/27
 16281 | Lair:5   | Reached skill level 13 in Dodging
 16924 | Lair:5   | Found a viscous altar of Jiyva.
 16924 | Lair:5   | Found a staircase to the Slime Pits.
 17184 | Lair:5   | Found a runed translucent door.
 17429 | Lair:5   | Reached skill level 10 in Stealth
 18035 | D:11     | Identified the +2 spear "Uticon" {speed, Fragile rElec
                  | Str+5 Int-2}
 18066 | D:11     | Found a staircase to the Orcish Mines.
 18657 | D:12     | Acquired the ring of Pragmatism {rPois Int+5}
 18857 | D:12     | Reached skill level 14 in Dodging
 19229 | D:12     | Found the +0 staff of Battle
 19236 | D:12     | Reached skill level 10 in Short Blades
 19236 | D:12     | Reached skill level 10 in Long Blades
 19236 | D:12     | Reached skill level 10 in Axes
 19236 | D:12     | Reached skill level 10 in Maces & Flails
 19236 | D:12     | Reached skill level 10 in Polearms
 19236 | D:12     | Reached skill level 10 in Staves
 19236 | D:12     | Reached skill level 10 in Throwing
 19236 | D:12     | Reached skill level 10 in Armour
 19236 | D:12     | Reached skill level 10 in Shields
 19236 | D:12     | Reached skill level 10 in Unarmed Combat
 19236 | D:12     | Reached skill level 10 in Spellcasting
 19236 | D:12     | Reached skill level 10 in Evocations
 19345 | Orc:1    | Entered Level 1 of the Orcish Mines
 19725 | Orc:2    | Entered Level 2 of the Orcish Mines
 19725 | Orc:2    | Found a staircase to the Elven Halls.
 19884 | Orc:2    | Reached XP level 15. HP: 106/106 MP: 29/29
 20086 | Orc:2    | Found Noas's Assorted Antiques.
 20296 | Orc:2    | Found Guagaesi's Assorted Antiques.
 20303 | Orc:2    | Found Pyvihote's Magic Scroll Shop.
 20325 | Orc:2    | Found Onuena's Armour Emporium.
 20332 | Orc:2    | Bought a scroll of enchant weapon for 112 gold pieces
 20335 | Orc:2    | Bought a scroll of blinking for 112 gold pieces
 20335 | Orc:2    | Bought a scroll of fear for 60 gold pieces
 20342 | Orc:2    | Bought the +2 helmet of Lugonu's Grace {*Slow rElec rN+
                  | Str+4} for 532 gold pieces
 21259 | D:13     | You fall into a shaft and drop 2 floors!
 21259 | D:15     | Entered Level 15 of the Dungeon
 21606 | D:15     | Reached skill level 15 in Dodging
 21952 | D:15     | Found a radiant altar of Vehumet.
 22323 | D:15     | Reached XP level 16. HP: 114/114 MP: 26/30
 22407 | D:15     | Found a staircase to the Depths.
 23007 | D:14     | Found a gate to the Vaults.
 23046 | D:14     | Identified the +8 morningstar "Acomat" {flame, rC++ rCorr}
 24106 | Snake:1  | Entered Level 1 of the Snake Pit
 24261 | Snake:1  | Identified the +2 leather armour of Gestures {Dex+6}
 24361 | Snake:1  | Found a sacrificial altar of Ru.
 24380 | Snake:1  | Reached skill level 16 in Dodging
 25072 | Snake:2  | You fall into a shaft and drop 1 floor!
 25394 | Snake:3  | Reached XP level 17. HP: 118/121 MP: 29/32
 25605 | Snake:3  | Reached skill level 10 in Conjurations
 25605 | Snake:3  | Reached skill level 10 in Hexes
 25605 | Snake:3  | Reached skill level 10 in Summonings
 25605 | Snake:3  | Reached skill level 10 in Necromancy
 25605 | Snake:3  | Reached skill level 10 in Translocations
 25605 | Snake:3  | Reached skill level 10 in Transmutations
 25605 | Snake:3  | Reached skill level 10 in Fire Magic
 25605 | Snake:3  | Reached skill level 10 in Ice Magic
 25605 | Snake:3  | Reached skill level 10 in Air Magic
 25605 | Snake:3  | Reached skill level 10 in Earth Magic
 25605 | Snake:3  | Reached skill level 10 in Poison Magic
 27299 | Snake:3  | Reached skill level 17 in Dodging
 27506 | Snake:4  | Entered Level 4 of the Snake Pit
 28498 | Snake:4  | Reached XP level 18. HP: 124/128 MP: 24/34
 28676 | Snake:4  | Got a serpentine rune of Zot
 28903 | Snake:4  | Reached skill level 15 in Ranged Weapons
 29731 | Snake:4  | Upgraded the game from 0.30-a0-389-g8d7d949f56 to
                  | 0.30-a0-390-g80c34de65d
 30099 | Orc:2    | Bought a scroll labelled IMNUOBO ORPHIBE for 28 gold pieces
 30250 | Shoals:1 | Entered Level 1 of the Shoals
 31473 | Shoals:1 | Reached skill level 18 in Dodging
 31727 | Shoals:2 | Found Acuul's Jewellery Shop.
 32129 | Shoals:2 | Noticed Ilsuiw
 32141 | Shoals:2 | Killed Ilsuiw
 32525 | Shoals:2 | Identified the +7 halberd "Gomyixt" {freeze, Int+2}
 32816 | Shoals:3 | Found Guhao's Firing Range.
 32821 | Shoals:3 | Identified the +12 flail of Xomebutonn {venom, rElec Str+6
                  | Int+2 Stlth-}
 33067 | Shoals:3 | Reached XP level 19. HP: 135/135 MP: 36/36
 33528 | Shoals:4 | Entered Level 4 of the Shoals
 33797 | Shoals:4 | Noticed Nikola
 33807 | Shoals:4 | Killed Nikola
 34788 | Shoals:4 | Got a barnacled rune of Zot
 34988 | Shoals:4 | Identified the +1 robe of Xepso {Str+6}
 35191 | Shoals:4 | Identified the +0 chain mail "Oteezeac" {rF- Will+ Int+3}
 35659 | Vaults:1 | Entered Level 1 of the Vaults
 35769 | Vaults:1 | Reached skill level 19 in Dodging
 36121 | Vaults:1 | Reached skill level 15 in Invocations
 36575 | Vaults:1 | Reached XP level 20. HP: 127/144 MP: 23/37
 37477 | Vaults:1 | Learned a level 4 spell: Dispel Undead
 37703 | Vaults:2 | Found Honol's Antique Armour Boutique.
 37709 | Vaults:2 | Bought a warped chain mail for 180 gold pieces
 37709 | Vaults:2 | Identified the +5 chain mail of the Mind {Harm Regen+
                  | Dex+3} (You bought it in a shop on level 2 of the Vaults)
 37709 | Vaults:2 | Bought a pair of glowing boots for 142 gold pieces
 38107 | Vaults:2 | You are sucked into a shaft and drop 1 floor!
 38117 | Vaults:3 | Noticed Jory
 38140 | Vaults:3 | Killed Jory
 38759 | Vaults:3 | Reached skill level 15 in Fighting
 38816 | Vaults:3 | Found a large runed translucent door.
 38816 | Vaults:3 | Found a large runed translucent door.
 38817 | Vaults:3 | Noticed Gacuozis's ghost (adept GnWn)
 38981 | Vaults:3 | Learned a level 5 spell: Borgnjor's Vile Clutch
 39146 | Vaults:3 | Found Muemoul's General Store.
 39168 | Vaults:3 | Bought a wand of digging (3) for 277 gold pieces
 39725 | Vaults:3 | Killed Gacuozis's ghost
 39726 | Vaults:3 | Reached skill level 20 in Dodging
 40405 | Vaults:2 | Found a staircase to the Crypt.
 40522 | Vaults:2 | Reached XP level 21. HP: 151/151 MP: 29/39
 41132 | Vaults:4 | Identified the +11 shortbow "Raxtufi" {flame, Fly rN++}
 41478 | Vaults:4 | Reached skill level 15 in Stealth
 42486 | Vaults:4 | Reached skill level 15 in Short Blades
 42486 | Vaults:4 | Reached skill level 15 in Long Blades
 42486 | Vaults:4 | Reached skill level 15 in Axes
 42486 | Vaults:4 | Reached skill level 15 in Maces & Flails
 42486 | Vaults:4 | Reached skill level 15 in Polearms
 42486 | Vaults:4 | Reached skill level 15 in Staves
 42486 | Vaults:4 | Reached skill level 15 in Throwing
 42486 | Vaults:4 | Reached skill level 15 in Armour
 42486 | Vaults:4 | Reached skill level 15 in Shields
 42486 | Vaults:4 | Reached skill level 15 in Unarmed Combat
 42486 | Vaults:4 | Reached skill level 15 in Spellcasting
 42486 | Vaults:4 | Reached skill level 15 in Evocations
 42922 | Depths:1 | Entered Level 1 of the Depths
 43128 | Depths:1 | Noticed Mara
 43133 | Depths:1 | Noticed billz999's illusion
 43135 | Depths:1 | Killed Mara
 43691 | Depths:1 | Found a gateway to Hell.
 44385 | Depths:1 | Found a glowing silver altar of Zin.
 44646 | Depths:1 | Reached skill level 21 in Dodging
 44785 | Depths:1 | Reached XP level 22. HP: 144/159 MP: 17/41
 45486 | Depths:2 | Paralysed by a vampire knight for 3 turns
 45538 | Depths:2 | Killed from afar by a fire dragon

Illustrated notes

Levels and vault maps discovered:
D:1:      scummos_arrival_simple_crosswalls, layout_basic, serial_forest,
          infiniplex_forest_lined_2, infiniplex_forest_clump_tiny,
          infiniplex_forest_lined_1, infiniplex_forest_lined_corner,
          infiniplex_forest_corner_1, infiniplex_forest_join
D:2:      layout_loops_ring, st_stairs_1
D:3:      layout_basic, mainiacjoe_overflow_large_starburst,
          gup_sewer_entry_bubbles
D:4:      layout_layer_cave, nicolae_kikubaaqudgha_miasma_corner,
          gammafunk_temple_overflow_pools, minmay_temple_entry_butterflies,
          minmay_misc_feat_five, uniq_blork_the_orc, uniq_crazy_yiuf_cottage
D:5:      layout_rooms, amcnicky_altar_gilded, cheibrodos_ashenzari_chains,
          corexii_hall_statues_i, minmay_manual_monstrance
D:6:      layout_loops_ring, mainiacjoe_overflow_cross_hatched, elyvilon_altar_5
D:7:      layout_loops_cross, nicolae_qazlal_general_emergency
D:8:      layout_gridville, mainiacjoe_overflow_six_doors_small,
          kennysheep_little_box, gammafunk_ghost_wrathful_warriors,
          hangedman_decor_clover_reticule, nrook_loot_triangle
D:9:      layout_loops_ring, jmf_multi_god_temple2
D:10:     layout_cross, david_lair_shrubbed, serial_shops,
          nicolae_shop_bloodbath_and_beyond, kennysheep_potato
D:11:     layout_roguey, orc_0_dummy
D:12:     layout_irregular_city, hellmonk_guarded_unrand_staff_of_battle
D:13:     layout_loops_cross, roderic_roman_lattice
D:14:     layout_basic, david_vaults_2
D:15:     gammafunk_enter_depths_forms, layout_basic, vehumet_crystals
Lair:1:   beast_lair_carwin_large_4, layout_gridlike, grunt_megastairs_2,
          lemuel_fruit_tree, uniq_nergalle
Lair:2:   layout_long_grid, shoals_dummy_entry,
          minmay_snake_entry_six_corridors, beast_lair_carwin_5,
          infiniplex_staircase_pool, uniq_erica, uniq_prince_ribbit2
Lair:3:   layout_cave_pods
Lair:4:   layout_layer_cave
Lair:5:   wormcave, layout_cave_shapes, hangedman_lair_caniforms_friends,
          minmay_slime_entry_pillars, grunt_forest_large_clearings,
          infiniplex_staircase_pool_2
Shoals:1: layout_shoals
Shoals:2: layout_shoals, serial_shops, nicolae_shop_trees,
          nicolae_shoals_stone_sculpture_thing, uniq_ilsuiw
Shoals:3: layout_shoals, nicolae_shop_firing_range
Shoals:4: shoals_end_simple, layout_shoals, nicolae_shoals_wave_tunnel,
          uniq_nikola
Snake:1:  layout_cave_shapes, basic_altar
Snake:2:  minmay_snake_river, layout_basic, gammafunk_ghost_berserking_beasts,
          serial_shops, shop, minmay_shoptagon
Snake:3:  kennysheep_snake, layout_basic
Snake:4:  snake_pit_salamanders_mu, layout_onion
Orc:1:    layout_caves, mines1_david
Orc:2:    st_orc_open, layout_diamond_mine, basic_altar
Vaults:1: ontoclasm_vaults_twist, ontoclasm_vaults_shuriken,
          nicolae_vaults_arrows, v_rooms_2, nicolae_vaults_twisting_passages,
          vaults_dpeg_emergency_exit, ontoclasm_vaults_misaligned,
          hangedman_vaults_river_flow, v_pattern_3, hangedman_vaults_cutoff,
          vaults_room_grid, layout_vaults_omnibox
Vaults:2: minmay_crypt_entry_vampire_xt, vaults_room_boxed,
          ontoclasm_vaults_eye, nicolae_vaults_shelves_hall,
          vaults_room_door_ring, ontoclasm_vaults_shout,
          vaults_dpeg_encased_lava, ontoclasm_vaults_loading_screen,
          layout_vaults_omnigrid, serial_shops, shop
Vaults:3: ebering_ghost_disaster_area, v_misc_11, v_misc_19,
          nicolae_vaults_triangles, grunt_vaults_hallway_long,
          ontoclasm_vaults_gateway, nicolae_vaults_display_case,
          hangedman_vaults_stretched_pinwheel,
          nicolae_vaults_windows_and_doors_thing, vaults_mumra_chevron,
          nicolae_vaults_stairing_the_circle, layout_vaults_maze_bifur,
          serial_shops, shop, uniq_jory
Vaults:4: vaults_mumra_hex, v_misc_19, nicolae_vaults_ring_of_whatevers,
          v_rooms_3, v_rooms_4, hangedman_vaults_hat, v_misc_1, v_misc_27,
          ontoclasm_vaults_idyll, layout_vaults_ring
Depths:1: four-leaf_vault, layout_basic, chequers_big_river,
          grunt_hell_entry_dis_mu, drop_trap, moated_statue, zin_academy,
          uniq_mara
Depths:2: minmay_nested_s, layout_gridlike, serial_curves, eino_curves_04,
          eino_curves_03, grunt_pan_entry_in_and_out,
          infiniplex_enter_wizlab_spiral, hell_entry,
          infiniplex_staircase_split_hallway

Skill      XL: |  1  2  3  4  5  6  7  8  9 10 11 12 13 14 15 16 17 18 19 20 21 22 |
---------------+-------------------------------------------------------------------+-----
Invocations    | 1 2 3 4 5 6 7 8 10 11 12 13 14 15 16 | 16.7
Short Blades   | 1 2 3 5 6 7 8 9 10 11 12 13 14 15 | 15.4
Long Blades    | 1 2 3 5 6 7 8 9 10 11 12 13 14 15 | 15.4
Axes           | 1 2 3 5 6 7 8 9 10 11 12 13 14 15 | 15.4
Maces & Flails | 1 2 3 5 6 7 8 9 10 11 12 13 14 15 | 15.4
Polearms       | 1 2 3 5 6 7 8 9 10 11 12 13 14 15 | 15.4
Staves         | 1 2 3 5 6 7 8 9 10 11 12 13 14 15 | 15.4
Throwing       | 1 2 3 5 6 7 8 9 10 11 12 13 14 15 | 15.4
Armour         | 1 2 3 5 6 7 8 9 10 11 12 13 14 15 | 15.4
Shields        | 1 2 3 5 6 7 8 9 10 11 12 13 14 15 | 15.4
Unarmed Combat | 1 2 3 5 6 7 8 9 10 11 12 13 14 15 | 15.4
Spellcasting   | 1 2 3 5 6 7 8 9 10 11 12 13 14 15 | 15.4
Evocations     | 1 2 3 5 6 7 8 9 10 11 12 13 14 15 | 15.4
Conjurations   | 1 2 3 4 5 6 7 8 9 10 11 12 13 | 13.1
Hexes          | 1 2 3 4 5 6 7 8 9 10 11 12 13 | 13.1
Summonings     | 1 2 3 4 5 6 7 8 9 10 11 12 13 | 13.1
Necromancy     | 1 2 3 4 5 6 7 8 9 10 11 12 13 | 13.1
Translocations | 1 2 3 4 5 6 7 8 9 10 11 12 13 | 13.1
Transmutations | 1 2 3 4 5 6 7 8 9 10 11 12 13 | 13.1
Fire Magic     | 1 2 3 4 5 6 7 8 9 10 11 12 13 | 13.1
Ice Magic      | 1 2 3 4 5 6 7 8 9 10 11 12 13 | 13.1
Air Magic      | 1 2 3 4 5 6 7 8 9 10 11 12 13 | 13.1
Earth Magic    | 1 2 3 4 5 6 7 8 9 10 11 12 13 | 13.1
Poison Magic   | 1 2 3 4 5 6 7 8 9 10 11 12 13 | 13.1
Stealth        | 3 4 5 6 7 8 9 10 11 12 13 14 15 | 15.5
Fighting       | 5 6 7 8 9 10 11 12 13 14 15 16 | 16.0
Dodging        | 5 6 7 9 10 11 12 14 15 16 17 18 19 20 21 | 21.2
Ranged Weapons | 9 10 11 12 13 14 15 16 17 | 17.3

Action                   |  1- 3 |  4- 6 |  7- 9 | 10-12 | 13-15 | 16-18 | 19-21 | 22-24 || total
-------------------------+-------+-------+-------+-------+-------+-------+-------+-------++-------
Melee: Mace              |       |    78 |    40 |       |       |       |       |       ||   118
       Bite              |       |    10 |     7 |       |       |       |       |       ||    17
       Punch             |       |     1 |     1 |       |       |       |       |       ||     2
       Quarterstaff      |       |       |    19 |       |       |       |       |       ||    19
 Fire: Shortbow          |   114 |   205 |   159 |       |       |       |       |       ||   478
       Arbalest          |       |       |    14 |   334 |   731 |   825 |   755 |    55 ||  2714
 Cast: Poisonous Vapours |       |       |    42 |    67 |    27 |       |       |       ||   136
       Mephitic Cloud    |       |       |       |    15 |    30 |     1 |     2 |       ||    48
       Sticky Flame      |       |       |       |    17 |    55 |    50 |    44 |     1 ||   167
       Swiftness         |       |       |       |     2 |       |       |       |       ||     2
       Freezing Cloud    |       |       |       |       |     7 |    55 |    98 |     4 ||   164
       Borgnjor's Vile C |       |       |       |       |       |       |    71 |     9 ||    80
       Dispel Undead     |       |       |       |       |       |       |     3 |       ||     3
Invok: Ancestor Identity |       |     2 |       |       |       |       |       |       ||     2
       Ancestor Life: Ba |       |       |     1 |       |       |       |       |       ||     1
       Recall Ancestor   |       |       |       |       |     1 |       |     1 |       ||     2
       Idealise          |       |       |       |       |       |     4 |     1 |       ||     5
Evoke: Wand              |       |       |     2 |    12 |     8 |     2 |    18 |     6 ||    48
       Phial of floods   |       |       |       |       |     1 |       |     2 |       ||     3
       Phantom mirror    |       |       |       |       |       |       |     1 |       ||     1
  Use: Scroll            |       |     1 |     4 |    10 |     8 |    15 |     8 |     2 ||    48
       Potion            |       |       |       |       |       |     1 |     4 |     1 ||     6
 Stab: Distracted        |       |       |     1 |       |       |       |       |       ||     1
Armor: Leather armour    |    21 |    42 |    29 |     3 |       |       |       |       ||    95
       Skin              |       |       |     5 |       |       |       |       |       ||     5
       Robe              |       |       |       |    22 |    46 |    52 |    27 |     2 ||   149
Dodge: Dodged            |    41 |   113 |    70 |   184 |   397 |   322 |   344 |    34 ||  1505
Block: Other             |       |       |       |    39 |    90 |    58 |    65 |     3 ||   255
       Reflection        |       |       |       |       |     3 |    11 |    11 |     2 ||    27

Table legend: (Time is in decaauts)
 A = Elapsed time spent in this place.
 B = Non-inter-level travel time spent in this place.
 C = Inter-level travel time spent in this place.
 D = Time resting spent in this place.
 E = Time spent auto-exploring this place.
 F = Levels seen in this place.
 G = Mean time per level.
                   A        B        C        D        E       F      G
               +--------+--------+--------+--------+--------+-----+--------+
         Total |  46624 |  42839 |   3785 |   8007 |  27966 |  37 | 1260.1 |
       Dungeon |  15862 |  14454 |   1408 |   2148 |  10115 |  15 | 1057.5 |
          Lair |   7754 |   7185 |    569 |   1687 |   4267 |   5 | 1550.8 |
        Shoals |   5258 |   4822 |    436 |   1073 |   2915 |   4 | 1314.5 |
     Snake Pit |   5916 |   5303 |    613 |   1400 |   3040 |   4 | 1479.0 |
  Orcish Mines |   1628 |   1254 |    374 |     28 |    938 |   2 |  814.0 |
        Vaults |   7209 |   6878 |    331 |   1253 |   4760 |   4 | 1802.2 |
        Depths |   2427 |   2375 |     52 |    371 |   1666 |   2 | 1213.5 |
         Sewer |    567 |    567 |      0 |     45 |    263 |   1 |  567.0 |
               +--------+--------+--------+--------+--------+-----+--------+

Top non-repeatable levels by time:
 Snake:3: 2485 daAuts
  Lair:5: 2470 daAuts
 Snake:4: 2373 daAuts
Depths:1: 2354 daAuts
Vaults:3: 1944 daAuts
    D:15: 1914 daAuts
Vaults:1: 1910 daAuts
Vaults:4: 1772 daAuts
Shoals:4: 1711 daAuts
Vaults:2: 1582 daAuts
  Lair:2: 1473 daAuts
     D:4: 1453 daAuts
     D:9: 1420 daAuts
  Lair:3: 1420 daAuts
     D:3: 1402 daAuts
